 Dungeon Sprint DCSS version 0.27-a0-1273-gec92ba881d (webtiles) character file.

Game seed: 3575514971904980619

3 mhtbhm the Skirmisher (level 1, -2/20 HPs)
             Began as a Ghoul Monk on June 11, 2021.
             Slain by a human (4 damage)
             ... in the Dungeon (Sprint III: "The Ten Rune Challenge").
             The game lasted 00:00:18 (205 turns).

mhtbhm the Skirmisher (Ghoul Monk)                   Turns: 205, Time: 00:00:18

Health: -2/20      AC:  5    Str: 14    XL:     1   Next: 50%
Magic:  0/0        EV: 11    Int:  5    God:
Gold:   0          SH:  0    Dex: 11    Spells: 0/0 levels left

rFire    . . .     SeeInvis .     - Unarmed
rCold    + . .     Faith    .   (no shield)
rNeg     + + +     Spirit   .   b - +0 ring mail
rPois    ∞         Reflect  .   (no helmet)
rElec    .         Harm     .   (no cloak)
rCorr    .         Rampage  .   (no gloves)
Will     .....     NoTele   +   (no boots)
Stlth    +.........             (no amulet)
HPRegen  0.00/turn              (no ring)
MPRegen  0.07/turn              (no ring)

@: hasted, very quick
A: claws 1, cold resistance 1, negative energy resistance 3, inhibited
regeneration, torment resistance 2
a: no special abilities


You were in the Dungeon.
You visited 1 branch

Inventory:

Armour
 b - a +0 ring mail (worn)
Scrolls
 f - a scroll of blinking
Potions
 e - 2 potions of magic
 g - a potion of curing


   Skills:
 + Level 3.9 Fighting
 + Level 3.0 Dodging
 + Level 2.2 Stealth
 + Level 3.8 Unarmed Combat


You couldn't memorise any spells.
You didn't know any spells.
Your spell library was empty.

Dungeon Overview and Level Annotations

Branches:
Dungeon (1/1)

Altars:


Innate Abilities, Weirdness & Mutations

You thrive by killing the living.
You are immune to poison.
You have sharp fingernails.
Your flesh is cold resistant. (rC+)
You are immune to negative energy. (rN+++)
You do not regenerate when monsters are visible.
You are immune to unholy pain and torment.


Message History

You are too injured to fight recklessly!
You are too injured to fight recklessly!
You are too injured to fight recklessly!
You are too injured to fight recklessly!
You feel yourself speed up. The human closely misses you.
You feel much better.
You closely miss the human.
The human is lightly wounded.
The human hits you.
You scratch the human but do no damage.
The human is lightly wounded.
You scratch the human.
The human is moderately wounded.
The human closely misses you.
You closely miss the human.
The human is moderately wounded.
The human hits you but does no damage.
You closely miss the human.
The human is moderately wounded.
You scratch the human but do no damage.
The human is moderately wounded.
The human hits you!
You closely miss the human.
The human is moderately wounded.
The human closely misses you.
You scratch the human but do no damage.
The human is moderately wounded.
You barely miss the human.
The human is moderately wounded.
The human closely misses you.
You barely miss the human.
The human is moderately wounded.
The human hits you!
* * * LOW HITPOINT WARNING * * *
You barely miss the human.
The human is moderately wounded.
You scratch the human.
The human is moderately wounded.
The human hits you.
You die...

▓.....#
▓...[.#...≈≈.♣..♣.#
▓.....#..≈≈≈≈♣....+
▓####'#..≈≈≈≈≈≈♣..#
▓)....#.≈≈≈≈≈≈....#
▓.....#.≈≈≈≈≈.....#
▓.....#.≈≈≈.......#
▓'#####...........#
▓..........@p.....#
▓▓▓▓▓▓▓▓▓▓▓▓▓▓▓▓▓▓▓


You could see a human.

Vanquished Creatures
  An endoplasm (D)
  3 rats (D)
4 creatures vanquished.

Vanquished Creatures (others)
  3 plants (D)
3 creatures vanquished.

Grand Total: 7 creatures vanquished

Notes
Turn   | Place    | Note
-------+----------+-------------------------------------------
     0 | D        | mhtbhm the Ghoul Monk began the quest for the Orb.
     0 | D        | Reached XP level 1. HP: 19/19 MP: 0/0
   205 | D        | Slain by a human

Illustrated notes

Levels and vault maps discovered:
D:        dungeon_sprint_mu [sprint_mu_entry_forest, sprint_mu_temple_rooms,
          sprint_mu_d1_horrors, sprint_mu_d2_genie, sprint_mu_d3_branching,
          sprint_mu_orc_legion, sprint_mu_elf_gauntlet, sprint_mu_hive_nellie,
          sprint_mu_lair_fedhas, sprint_mu_vaults_butterflies,
          sprint_mu_slime_circle, sprint_mu_swamp_cave, sprint_mu_shoals_kraken,
          sprint_mu_blade_basic, sprint_mu_crypt_fortress,
          sprint_mu_tomb_spiral, sprint_mu_vestibule_basic,
          sprint_mu_gehenna_hellfire, sprint_mu_dis_giant,
          sprint_mu_tartarus_statrot, sprint_mu_cocytus_islands, sprint_mu_zot1]

Skill      XL: |  1 |
---------------+----+-----
Dodging        | 3 |  3.0
Fighting       | |  3.9
Stealth        | |  2.2
Unarmed Combat | |  3.8

Action                   || total
-------------------------++-------
Melee: Unarmed           ||    25
  Use: Potion            ||     2
Armor: Robe              ||     2
       Ring mail         ||     2
Dodge: Dodged            ||     9

Table legend: (Time is in decaauts)
 A = Elapsed time spent in this place.
 B = Non-inter-level travel time spent in this place.
 C = Inter-level travel time spent in this place.
 D = Time resting spent in this place.
 E = Time spent auto-exploring this place.
 F = Levels seen in this place.
 G = Mean time per level.
                   A        B        C        D        E       F      G
               +--------+--------+--------+--------+--------+-----+--------+
         Total |    199 |    199 |      0 |    133 |     11 |   1 |  199.0 |
       Dungeon |    199 |    199 |      0 |    133 |     11 |   1 |  199.0 |
               +--------+--------+--------+--------+--------+-----+--------+

Top non-repeatable levels by time:
       D: 199 daAuts
